 Dungeon Crawl Stone Soup version 0.28-a0-429-g1448048969 (webtiles) character file.

Game seed: 9573510364109868821

69 bande the Skirmisher (level 4, -2/29 HPs)
             Began as a Gargoyle Fighter on Sept 10, 2021.
             Slain by a killer bee (6 damage)
             ... on level 4 of the Dungeon.
             The game lasted 00:03:31 (2279 turns).

bande the Skirmisher (Gargoyle Fighter)             Turns: 2279, Time: 00:03:31

Health: -2/29      AC: 13    Str: 19    XL:     4   Next: 20%
Magic:  4/4        EV:  7    Int:  9    God:
Gold:   178        SH:  4    Dex: 10    Spells: 3/3 levels left

rFire   . . .      SeeInvis +   a - +0 war axe
rCold   . . .      Faith    .   c - +0 buckler
rNeg    + . .      Spirit   .   f - +0 chain mail
rPois   ∞          Reflect  .   (no helmet)
rElec   +          Harm     .   (no cloak)
rCorr   .          Rampage  .   (no gloves)
Will    .....                   (no boots)
Stlth   ..........              (no amulet)
HPRegen 0.09/turn               e - ring of see invisible
MPRegen 0.09/turn               (no ring)

@: attractive
A: sickness immunity, AC +3, negative energy resistance 1, electricity
resistance, torment resistance 1, petrification resistance
a: no special abilities


You were on level 4 of the Dungeon.
You visited 1 branch of the dungeon, and saw 4 of its levels.

You collected 178 gold pieces.

Inventory:

Hand Weapons
 a - a +0 war axe (weapon)
Armour
 c - a +0 buckler (worn)
 f - a +0 chain mail (worn)
Jewellery
 b - a ring of fire
 e - a ring of see invisible (left hand)
Potions
 d - 2 potions of might


   Skills:
 + Level 4.0 Fighting
 + Level 2.7 Axes
 + Level 3.9 Armour
 + Level 3.6 Shields


You had 3 spell levels left.
You didn't know any spells.
Your spell library contained the following spells:

 Spells                   Type           Power      Damage    Failure   Level
 Corpse Rot               Necr/Air       N/A        N/A       100%        2
 Dispel Undead            Necr           0%         3d6       100%        4
 Death Channel            Necr           0%         N/A       100%        6


Dungeon Overview and Level Annotations

Branches:
Dungeon (3/15)

Altars:
Kikubaaqudgha
Vehumet

Shops:
D:2 :


Innate Abilities, Weirdness & Mutations

You are immune to sickness and miasma.
Your stone body is resilient. (AC +3)
You are immune to poison.
You resist negative energy. (rN+)
You are resistant to electric shocks. (rElec)
You are resistant to unholy torment.
You are immune to petrification.


Message History

The killer bee stings you but does no damage.
You block the killer bee's attack. The killer bee barely misses you.
You miss the killer bee.
The killer bee is lightly wounded.
The killer bee closely misses you. The killer bee stings you.
The killer bee stings you but does no damage.
You closely miss the killer bee.
The killer bee is lightly wounded.
The killer bee barely misses you. The killer bee closely misses you.
You hit the killer bee.
The killer bee is moderately wounded.
You block the killer bee's attack.
The killer bee stings you but does no damage. x2
You miss the killer bee.
The killer bee is moderately wounded.
The killer bee closely misses you. The killer bee stings you.
You block the killer bee's attack.
You miss the killer bee.
The killer bee is moderately wounded.
The killer bee stings you but does no damage. x2
You block the killer bee's attack.
Your chain mail prevents you from hitting the killer bee.
The killer bee is moderately wounded.
The killer bee stings you. x2
The killer bee stings you but does no damage.
Your chain mail prevents you from hitting the killer bee.
The killer bee is moderately wounded.
The killer bee stings you but does no damage.
The killer bee stings you.
* * * LOW HITPOINT WARNING * * *
You miss the killer bee.
The killer bee is moderately wounded.
The killer bee stings you but does no damage.
The killer bee barely misses you.
The killer bee stings you but does no damage.
You miss the killer bee.
The killer bee is moderately wounded.
The killer bee stings you but does no damage.
The killer bee stings you.
You die...

######### ##.......#
#........#
###########........#
#.........y@######.#
#..########### #.#
.... #.## #y.# #..#
>. ##.## . #..## #
##..#### #. ##.....#
#.#########......#


You could see a killer bee.

Vanquished Creatures
  A gnoll (D:1)
  An adder (D:2)
  A worm (D:2)
  A dart slug (D:4)
  3 bats
  5 endoplasms
  2 giant cockroaches
  3 goblins
  7 hobgoblins
  A quokka (D:2)
  5 ball pythons (D:1)
  4 frilled lizards (D:2)
  5 kobolds
  2 rats (D:1)
41 creatures vanquished.

Vanquished Creatures (others)
  2 fungi (D:1)
  A plant (D:1)
3 creatures vanquished.

Grand Total: 44 creatures vanquished

Notes
Turn   | Place    | Note
-------+----------+-------------------------------------------
     0 | D:1      | bande the Gargoyle Fighter began the quest for the Orb.
     0 | D:1      | Reached XP level 1. HP: 14/14 MP: 1/1
   203 | D:1      | Reached XP level 2. HP: 18/19 MP: 2/2
   725 | D:1      | Reached XP level 3. HP: 14/24 MP: 3/3
   876 | D:1      | Found a faded altar of an unknown god.
   954 | D:1      | Found an ancient bone altar of Kikubaaqudgha.
  1333 | D:2      | Found a radiant altar of Vehumet.
  1754 | D:2      | Reached XP level 4. HP: 26/29 MP: 4/4
  1784 | D:2      | Found Feodurid's Book Emporium.
  2095 | D:3      | You fall into a shaft and drop 1 floor!
  2128 | D:4      | Reached skill level 4 in Fighting
  2279 | D:4      | Slain by a killer bee

Illustrated notes

Levels and vault maps discovered:
D:1:      dpeg_arrival_water_altar, layout_loops_ring,
          shapermc_ecumenical_altar_petra
D:2:      layout_loops_ring, basic_altar, serial_shops, nicolae_lakefront_shop
D:3:      layout_rooms, nicolae_overflow_hidden_temple
D:4:      layout_rooms, uniq_sigmund

Skill      XL: |  1  2  3  4 |
---------------+-------------+-----
Axes           | 2 |  2.7
Fighting       | 4 |  4.0
Armour         | |  3.9
Shields        | |  3.6

Action                   |  1- 3 |  4- 6 || total
-------------------------+-------+-------++-------
Melee: War axe           |   106 |    56 ||   162
  Use: Scroll            |     2 |       ||     2
       Potion            |       |     2 ||     2
Armor: Scale mail        |    28 |       ||    28
       Chain mail        |    34 |    51 ||    85
Dodge: Dodged            |    32 |    20 ||    52
Block: Buckler           |    19 |    25 ||    44

Table legend: (Time is in decaauts)
 A = Elapsed time spent in this place.
 B = Non-inter-level travel time spent in this place.
 C = Inter-level travel time spent in this place.
 D = Time resting spent in this place.
 E = Time spent auto-exploring this place.
 F = Levels seen in this place.
 G = Mean time per level.
                   A        B        C        D        E       F      G
               +--------+--------+--------+--------+--------+-----+--------+
         Total |   2348 |   2262 |     86 |    130 |   1620 |   4 |  587.0 |
       Dungeon |   2348 |   2262 |     86 |    130 |   1620 |   4 |  587.0 |
               +--------+--------+--------+--------+--------+-----+--------+

Top non-repeatable levels by time:
     D:2: 1074 daAuts
     D:1: 1045 daAuts
     D:4: 200 daAuts
     D:3: 28 daAuts
